 Seeded DCSS version 0.30-a0-591-g3c58d2b (webtiles) character file.

Game seed: 3596305719584594064 (custom seed)

71 malesh the Insei (level 4, -5/42 HPs)
             Began as an Octopode Transmuter on Jan 4, 2023.
             Slain by a gnoll
             ... wielding a +0 halberd
              (9 damage)
             ... on level 2 of the Dungeon.
             The game lasted 00:07:40 (2142 turns).

malesh the Insei (Octopode Transmuter)              Turns: 2142, Time: 00:07:40

Health: -5/42      AC: 22    Str:  9    XL:     4   Next: 24%
Magic:  8/8        EV:  2    Int: 15    God:
Gold:   152        SH:  0    Dex: 14    Spells: 5/8 levels left

rFire   . . .      SeeInvis +      - Unarmed
rCold   . . .      Faith    .    (no shield)
rNeg    . . .      Spirit   .    (helmet currently unavailable)
rPois   +          Reflect  .    (no amulet)
rElec   .          Harm     .    b - ring of see invisible
rCorr   .          Rampage  .    (no ring)
Will    .....      NoTele   +    (no ring)
Stlth   ++                       (no ring)
HPRegen 0.27/turn                (no ring)
MPRegen 0.11/turn                (no ring)
                                 (no ring)
                                 (no ring)

@: tree-form (expiring), weak-willed
A: stationary, stasis, torment immunity, boosted hp, almost no armour,
(amphibious), 8 rings, (camouflage 1), (gelatinous body 1), (nimble swimmer 1),
(tentacles)
a: no special abilities


You were on level 2 of the Dungeon.
You were a tree.
You visited 1 branch of the dungeon, and saw 2 of its levels.

You collected 152 gold pieces.

Inventory:

Jewellery
 b - a ring of see invisible (left branch)
 i - a ring of flight
Potions
 e - a potion of degeneration


   Skills:
 + Level 1.0 Fighting
 + Level 2.2 Dodging
 + Level 1.6 Stealth
 + Level 3.7 Unarmed Combat
 + Level 2.8 Spellcasting
 + Level 2.3 Transmutations


You had 5 spell levels left.
You knew the following spells:

 Your Spells              Type           Power      Damage    Failure   Level
a - Beastly Appendage     Tmut           18%        N/A       8%          1
b - Wereblood             Tmut           9%         N/A       12%         2

Your spell library contained the following spells:

 Spells                   Type           Power      Damage    Failure   Level
 Spider Form              Tmut/Pois      5%         N/A       36%         3
 Ice Form                 Ice/Tmut       5%         N/A       77%         4


Dungeon Overview and Level Annotations

Branches:
Dungeon (2/15)

Altars:


Innate Abilities, Weirdness & Mutations

You are a tree.
Your roots penetrate the ground, keeping you stationary.
You cannot be teleported.
You are immune to unholy pain and torment.
Your maximum health is greatly increased.
You cannot wear most types of armour.
((You are amphibious.))
You can wear up to eight rings at the same time.
((Your skin changes colour to match your surroundings (Stealth+).))
((Your rubbery body absorbs attacks. (AC +1, EV +1)))
((You are camouflaged when in or above water. (Stealth+)))
((You have tentacles for arms and can constrict up to eight enemies at once.))


Message History

You cannot move.
You cannot move.
You cannot move.
You cannot move.
You cannot move.
You cannot move.
The gnoll hits you but does no damage. The gnoll barely misses you.
The gnoll hits you but does no damage. The gnoll hits you but does no damage.
The gnoll hits you but does no damage.
The gnoll hits you but does no damage. x2
The gnoll barely misses you. The gnoll hits you but does no damage.
The gnoll hits you from afar with a +0 halberd.
The gnoll hits you from afar with a +0 halberd.
The gnoll hits you but does no damage.
The gnoll hits you but does no damage. x2
The gnoll hits you but does no damage.
The gnoll hits you but does no damage. x2
The gnoll hits you but does no damage.
The gnoll hits you from afar with a +2 heavy spear!
* * * LOW HITPOINT WARNING * * *
The gnoll hits you but does no damage.
The gnoll hits you from afar with a +0 halberd.
* * * LOW HITPOINT WARNING * * *
The gnoll hits you but does no damage.
The gnoll hits you from afar with a +0 halberd!
* * * LOW HITPOINT WARNING * * *
The gnoll hits you but does no damage.
Your transformation is almost over.
The gnoll hits you but does no damage.
The gnoll hits you but does no damage. x2
The gnoll shouts!
The gnoll hits you but does no damage. x2
The gnoll hits you but does no damage.
The gnoll hits you from afar with a +0 halberd.
* * * LOW HITPOINT WARNING * * *
The gnoll hits you but does no damage.
The gnoll hits you from afar with a +0 halberd!
You die...

#########># #.# #.
#........>######## #.# #.
#.###.....g......# #.# #.
#.###.##########.# #.# #.
#.......#### #.# #.####.
####.......# #.# #.<....
####..#)##.# #g# #####).
....g.#.#*.# #.# #..
####.##.#*.# #♣# #######..
.....##.##.# #.# #<.......
#######....### #g######
#.#####.# .....g.......#
#g.....###.# #.#
...#.....###.###g.##...##.#
#.# ##.#.###.#
#..............# #.# ...#.#
#.# #####..##...########.#
##.#.###.#
#..###........##.#
.........# #..#
###.........#


You could see 4 gnolls.

Vanquished Creatures
  2 adders (D:2)
  3 worms (D:2)
  A dart slug (D:2)
  3 ball pythons
  4 bats
  6 endoplasms
  3 giant cockroaches
  4 goblins
  3 hobgoblins (D:2)
  2 kobolds (D:1)
  3 quokkas
  3 rats
37 creatures vanquished.

Notes
Turn   | Place    | Note
-------+----------+-------------------------------------------
     0 | D:1      | malesh the Octopode Transmuter began the quest for the Orb.
     0 | D:1      | Reached XP level 1. HP: 13/13 MP: 3/3
   328 | D:1      | Reached XP level 2. HP: 18/18 MP: 3/5
   331 | D:1      | Learned a level 2 spell: Wereblood
   997 | D:2      | Reached XP level 3. HP: 18/23 MP: 4/6
  1127 | D:2      | Reached skill level 1 in Stealth
  1343 | D:2      | Reached XP level 4. HP: 26/28 MP: 6/8
  1364 | D:2      | Found a faded altar of an unknown god.
  1820 | D:2      | HP: 1/28 [gnoll/+0 flail (5)]
  2142 | D:2      | Slain by a gnoll

Illustrated notes

Levels and vault maps discovered:
D:1:      heliophobic_arrival_dark_side_of_the_moon, layout_basic,
          minmay_pentomino_p2
D:2:      layout_loops_ring, dreamdust_ecumenical_altar_angels_and_demons

Skill      XL: |  1  2  3 |
---------------+----------+-----
Stealth        | 1 |  1.6
Fighting       | |  1.0
Dodging        | |  2.2
Unarmed Combat | |  3.7
Spellcasting   | |  2.8
Transmutations | |  2.3

Action                   |  1- 3 |  4- 6 || total
-------------------------+-------+-------++-------
Melee: Unarmed           |    63 |    17 ||    80
       Kick              |    17 |     2 ||    19
       Tentacles         |    12 |     7 ||    19
       Constrict         |    16 |     5 ||    21
       Punch             |     1 |       ||     1
 Cast: Beastly Appendage |    28 |     4 ||    32
  Use: Scroll            |     3 |     6 ||     9
       Potion            |       |     5 ||     5
 Stab: Sleeping          |     6 |     3 ||     9
Armor: Skin              |    10 |    34 ||    44
Dodge: Dodged            |    30 |    13 ||    43

Table legend: (Time is in decaauts)
 A = Elapsed time spent in this place.
 B = Non-inter-level travel time spent in this place.
 C = Inter-level travel time spent in this place.
 D = Time resting spent in this place.
 E = Time spent auto-exploring this place.
 F = Levels seen in this place.
 G = Mean time per level.
                   A        B        C        D        E       F      G
               +--------+--------+--------+--------+--------+-----+--------+
         Total |   2121 |   1995 |    126 |    201 |   1362 |   2 | 1060.5 |
       Dungeon |   2121 |   1995 |    126 |    201 |   1362 |   2 | 1060.5 |
               +--------+--------+--------+--------+--------+-----+--------+

Top non-repeatable levels by time:
     D:1: 1162 daAuts
     D:2: 958 daAuts
